 Dungeon Crawl Stone Soup version 0.30-a0-596-g0af90f9a20 (webtiles) character file.

Game seed: 11974153300798413056

1265 gelatine the Chopper (level 8, 0/60 HPs)
             Began as a Demonspawn Gladiator on Jan 6, 2023.
             Succumbed to a gnoll sergeant's poison
             ... on level 5 of the Dungeon.
             The game lasted 00:10:19 (4011 turns).

gelatine the Chopper (Demonspawn Gladiator)         Turns: 4011, Time: 00:10:20

Health: 0/60       AC:  8    Str: 17    XL:     8   Next: 27%
Magic:  0/8        EV: 18    Int:  9    God:
Gold:   253        SH:  0    Dex: 15    Spells: 7/7 levels left

rFire   . . .      SeeInvis .    p - +1 war axe (heavy)
rCold   . . .      Faith    .    (no shield)
rNeg    . . .      Spirit   +    b - +0 leather armour
rPois   +          Reflect  .    c - +0 helmet
rElec   .          Harm     .    j - +0 cloak
rCorr   .          Rampage  .    (no gloves)
Will    .....                    v - +0 pair of boots
Stlth   ++                       o - amulet of guardian spirit
HPRegen 0.30/turn                g - ring of poison resistance
MPRegen 0.11/turn                t - +5 ring of evasion

@: lethally poisoned (0 -> -1), marked
A: demonic guardian 1, sharp scales 2
a: no special abilities


You were on level 5 of the Dungeon.
You visited 2 branches of the dungeon, and saw 6 of its levels.

You collected 253 gold pieces.

Inventory:

Hand Weapons
 a - a +0 war axe
 p - a +1 heavy war axe (weapon)
Missiles
 q - 7 poisoned darts (quivered)
Armour
 b - a +0 leather armour (worn)
 c - a +0 helmet (worn)
 j - a +0 cloak (worn)
 v - a +0 pair of boots (worn)
Jewellery
 g - a ring of poison resistance (left hand)
 o - an amulet of guardian spirit (around neck)
 r - a ring of magical power
 t - a +5 ring of evasion (right hand)
 u - a ring of protection from fire
Scrolls
 f - a scroll of enchant weapon {unknown}
 h - 3 scrolls of noise {unknown}
 i - a scroll of vulnerability {unknown}
 k - 2 scrolls of blinking {unknown}
 m - 4 scrolls of identify {unknown}
 n - 2 scrolls of teleportation {unknown}
 w - a scroll of fear {unknown}
 y - a scroll of torment {unknown}
 A - a scroll of fog {unknown}
Potions
 z - a potion of flight


   Skills:
 * Level 4.0 Fighting
 * Level 6.8 Axes
 + Level 2.2 Throwing
 * Level 3.3 Armour
 * Level 4.8 Dodging
 + Level 1.3 Stealth


You had 7 spell levels left.
You didn't know any spells.
Your spell library contained the following spells:

 Spells                   Type           Power      Damage    Failure   Level
 Apportation              Tloc           0%         N/A       43%         1
 Freeze                   Ice            0%         1d3       43%         1
 Dazzling Flash           Conj/Hex       0%         N/A       82%         3
 Frozen Ramparts          Ice            0%         1d1       82%         3
 Hailstorm                Conj/Ice       0%         3d3       82%         3
 Agony                    Necr           0%         N/A       100%        5
 Alistair's Intoxication  Tmut/Pois      0%         N/A       100%        5
 Silence                  Hex/Air        0%         N/A       100%        5
 Summon Forest            Summ/Tloc      0%         N/A       100%        5
 Summon Mana Viper        Hex/Summ       0%         N/A       100%        5
 Summon Cactus Giant      Summ           0%         N/A       100%        6


Dungeon Overview and Level Annotations

Branches:
Dungeon (5/15)             Temple (1/1) D:4

Altars:
Cheibriados
Dithmenos
Fedhas
Gozag
Kikubaaqudgha
Makhleb
Okawaru
Qazlal
Ru
Sif Muna
Uskayaw
Vehumet
Wu Jian
Xom

Shops:
D:2 [


Innate Abilities, Weirdness & Mutations

A weak demonic guardian rushes to your aid.
You are mostly covered in razor-sharp scales. (AC +2, Slay +2)


Message History

The iguana bites you but does no damage.
The gnoll misses you. The gnoll sergeant closely misses you.
The orc hits you but does no damage. The iguana attacks as you move away!
The iguana closely misses you. The iguana attacks as you move away!
The iguana misses you.
You feel sick.
Your quasit bites the gnoll sergeant but does no damage.
Your quasit claws the gnoll sergeant but does no damage. x2
The gnoll sergeant closely misses you. The iguana bites your quasit!
The gnoll sergeant blocks your quasit's attack.
Your quasit closely misses the gnoll sergeant.
The gnoll sergeant blocks your quasit's attack.
You feel sick.
Your quasit closely misses the gnoll sergeant.
The gnoll sergeant blocks your quasit's attack. x2
The iguana bites your quasit. The gnoll sergeant barely misses you.
The gnoll hits your quasit but does no damage.
The orc priest calls down the wrath of Beogh upon you.
Beogh smites you!
* * * LOW HITPOINT WARNING * * *
The iguana attacks as you move away! The iguana closely misses you.
You feel sick.
Your quasit completely misses the iguana.
Your quasit claws the iguana but does no damage.
Your quasit barely misses the iguana.
The iguana bites your quasit but does no damage.
The orc wizard casts a spell.
The orc wizard flickers and vanishes!
Deactivating autopickup; reactivate with Ctrl-A.
The gnoll hits your quasit with a +0 spear.
Your quasit dies!
Your quasit disappears in a puff of smoke!
The iguana attacks as you move away! The iguana misses you.
You feel sick. The iguana attacks as you move away!
The iguana barely misses you.
You feel sick.
The orc priest miscasts a cantrip.
The iguana attacks as you move away! The iguana bites you!
* * * LOW HITPOINT WARNING * * *
x2 You feel sick.
Okay, then.
You die...

#.####.........{......(..
#.?...........o†..# ..
......##.##......###... .
......#...#.l..o..o....
............g.(##....##
........_.o....# ...#
#........g....# .###
#....#..l#....# .....
##...##@##....# . .....
#.......)...##... .....
#.....).##(..?... ....
##.......#<..##. .....
#...?.<......# .....
#..(......#### .....
#..#.......# .#..
#..........# ...
...........# ..


You could see a gnoll sergeant, 2 iguanas, 2 orc priests, a gnoll and an orc.

Vanquished Creatures
  Sigmund (D:3)
  2 ice beasts (D:5)
  2 lemures (D:4)
  A scorpion (D:4)
  A howler monkey (D:5)
  An orc priest (D:4)
  2 iguanas (D:4)
  11 gnolls
  An adder (D:5)
  A worm (D:2)
  2 dart slugs
  7 orcs
  6 ball pythons
  3 endoplasms
  A giant cockroach (D:3)
  7 goblins
  7 hobgoblins
  4 jackals (D:2)
  7 quokkas
  8 bats
  6 frilled lizards
  5 kobolds
  3 rats (D:2)
89 creatures vanquished.

Vanquished Creatures (collateral kills)
  Pikel (D:4)
  A bullfrog (D:4)
  A worm (D:4)
  An orc (D:4)
  An endoplasm (D:3)
5 creatures vanquished.

Grand Total: 94 creatures vanquished

Notes
Turn   | Place    | Note
-------+----------+-------------------------------------------
     0 | D:1      | gelatine the Demonspawn Gladiator began the quest for the
                  | Orb.
     0 | D:1      | Reached XP level 1. HP: 16/16 MP: 1/1
   154 | D:1      | Gained mutation: A weak demonic guardian rushes to your
                  | aid. [demonic ancestry]
   154 | D:1      | Reached XP level 2. HP: 15/22 MP: 2/2
   591 | D:2      | Reached skill level 3 in Axes
   832 | D:2      | Reached XP level 3. HP: 27/27 MP: 3/3
  1297 | D:2      | Found Berocuv's Armour Emporium.
  1449 | D:2      | Found a faded altar of an unknown god.
  1742 | D:3      | Found an opulent altar of Gozag.
  2060 | D:3      | Noticed Sigmund
  2073 | D:3      | Killed Sigmund
  2074 | D:3      | Reached skill level 4 in Axes
  2074 | D:3      | Gained mutation: You are partially covered in razor-sharp
                  | scales. (AC +1, Slay +1) [demonic ancestry]
  2074 | D:3      | Reached XP level 4. HP: 21/34 MP: 1/4
  2074 | D:3      | Gained mutation: You are mostly covered in razor-sharp
                  | scales. (AC +2, Slay +2) [demonic ancestry]
  2074 | D:3      | Reached XP level 5. HP: 24/40 MP: 1/5
  2141 | D:3      | Found a radiant altar of Vehumet.
  2304 | D:3      | Found a sacrificial altar of Ru.
  2447 | D:3      | Found a blossoming altar of Fedhas.
  2601 | D:4      | Reached XP level 6. HP: 42/46 MP: 6/6
  2894 | D:4      | Found a staircase to the Ecumenical Temple.
  2950 | D:4      | Reached skill level 5 in Axes
  2973 | Temple   | Entered the Ecumenical Temple
  3444 | D:5      | Entered Level 5 of the Dungeon
  3452 | D:5      | Noticed an ice beast
  3455 | D:5      | HP: 1/47 [gnoll sergeant/+3 trident of venom (5)]
  3638 | D:5      | Noticed Pikel
  3714 | D:5      | Found an iron altar of Okawaru.
  3728 | D:4      | Killed Pikel
  3729 | D:4      | Reached skill level 6 in Axes
  3729 | D:4      | Reached skill level 1 in Stealth
  3729 | D:4      | Reached XP level 7. HP: 12/53 MP: 1/7
  3955 | D:5      | Reached XP level 8. HP: 48/60 MP: 5/8
  4010 | D:5      | HP: 1/60 [iguana (6)]
  4011 | D:5      | Succumbed to a gnoll sergeant's poison

Illustrated notes

Levels and vault maps discovered:
D:1:      wander_arrival_lonely_grave, layout_rooms
D:2:      layout_loops_corners, serial_shops, nicolae_shop_crystal,
          basic_ecumenical_altar, minivault_27, kennysheep_flooded_box
D:3:      layout_basic, nicolae_ru_the_path_less_chosen, vehumet_crystals,
          grunt_gozag_statues, fedhas_altar_fruit_tree, uniq_sigmund
D:4:      layout_loops_ring, minmay_temple_entry_offerings,
          amcnicky_mini_rare_corridor_liquid, lemuel_flame_loot_1
D:5:      minmay_bubble_buster, layout_cave_pools, okawaru_gym_becter,
          uniq_duvessa, uniq_pikel
Temple:   eino_temple_lava

Skill      XL: |  1  2  3  4  5  6  7  8 |
---------------+-------------------------+-----
Dodging        | 3 4 |  4.8
Throwing       | 2 |  2.2
Axes           | 3 4 6 |  6.8
Armour         | 2 3 |  3.3
Fighting       | 3 4 |  4.0
Stealth        | 1 |  1.3

Action                   |  1- 3 |  4- 6 |  7- 9 || total
-------------------------+-------+-------+-------++-------
Melee: War axe           |   141 |    50 |    29 ||   220
       Punch             |     1 |       |       ||     1
Throw: Throwing net      |     1 |     2 |       ||     3
       Dart              |       |     3 |       ||     3
       Javelin           |       |     1 |       ||     1
  Use: Potion            |     1 |     4 |       ||     5
 Stab: Sleeping          |     2 |     1 |       ||     3
       Held in net/web   |       |     1 |       ||     1
Armor: Leather armour    |    51 |    25 |    15 ||    91
Dodge: Dodged            |   127 |    81 |    75 ||   283

Table legend: (Time is in decaauts)
 A = Elapsed time spent in this place.
 B = Non-inter-level travel time spent in this place.
 C = Inter-level travel time spent in this place.
 D = Time resting spent in this place.
 E = Time spent auto-exploring this place.
 F = Levels seen in this place.
 G = Mean time per level.
                   A        B        C        D        E       F      G
               +--------+--------+--------+--------+--------+-----+--------+
         Total |   4160 |   3931 |    229 |      0 |   3012 |   6 |  693.3 |
       Dungeon |   4085 |   3856 |    229 |      0 |   2950 |   5 |  817.0 |
        Temple |     74 |     74 |      0 |      0 |     62 |   1 |   74.0 |
               +--------+--------+--------+--------+--------+-----+--------+

Top non-repeatable levels by time:
     D:4: 1370 daAuts
     D:2: 1239 daAuts
     D:3: 870 daAuts
     D:1: 504 daAuts
     D:5: 101 daAuts
  Temple: 74 daAuts
